 Dungeon Crawl Stone Soup version 0.28-a0-1199-gef9e1dbd39 (webtiles) character file.

Game seed: 13139317322374959988

51724 ChaosChampion the Brawler (level 14, -12/125 HPs)
             Began as a Grey Draconian Transmuter on Dec 19, 2021.
             Was the Champion of Okawaru.
             Killed by drain life
             ... invoked by a soul eater
             ... summoned by an orc high priest
              (25 damage)
             ... on level 2 of the Orcish Mines.
             The game lasted 00:50:38 (28276 turns).

ChaosChampion the Brawler (DrTm)                   Turns: 28276, Time: 00:50:38

Health: -12/125    AC: 21    Str: 14    XL:     14   Next: 24%
Magic:  5/21       EV: 16    Int: 18    God:    Okawaru [******]
Gold:   2460       SH:  3    Dex: 16    Spells: 16/23 levels left

rFire   + . .      SeeInvis +     - Unarmed
rCold   + + .      Faith    .   Q - +0 buckler "Vimorat" {Harm Dex+3 SInv}
rNeg    . . .      Spirit   .   (armour unavailable)
rPois   .          Reflect  .   (helmet restricted)
rElec   .          Harm     +   z - scarf {rC+ rF+}
rCorr   +          Rampage  .   E - +2 pair of gloves {infuse}
Will    +....                   N - +0 pair of boots
Stlth   +.........              (no amulet)
HPRegen 0.30/turn               x - +4 ring of protection
MPRegen 0.17/turn               b - ring "Tunafeot" {Wiz rCorr Slay+2}

@: mighty, on berserk cooldown, very slightly contaminated, hasted and slowed,
unable to read
A: AC +13, amphibious, unfitting armour, cold-blooded, antennae 1, agile 1, cold
resistance 1, inability to read while threatened
a: Renounce Religion, Heroism, Finesse, Duel


You were on level 2 of the Orcish Mines.
You worshipped Okawaru.
Okawaru was exalted by your worship.
You visited 4 branches of the dungeon, and saw 20 of its levels.
You also visited: Ice Cave.

You collected 2628 gold pieces.
You spent 168 gold pieces at shops.

Inventory:

Hand Weapons
 p - the +5 war axe of Chaos {vorpal, Will+}
   (You found it on level 4 of the Dungeon)

   It inflicts extra damage upon your enemies.
   Will:      It increases your willpower.
 X - a +2 vorpal triple crossbow
Missiles
 m - 67 poisoned darts
 q - 3 throwing nets
 G - 5 datura-tipped darts
Armour
 z - a scarf of resistance (worn)
 A - the -2 pair of boots of the Cockatrice {-Cast Fly rPois Str+7}
   (Okawaru gifted it to you on level 12 of the Dungeon)

   Str:       It affects your strength (+7).
   rPois:     It protects you from poison.
   Fly:       It grants you flight.
   -Cast:     It prevents spellcasting.
 E - a +2 pair of gloves of infusion (worn)
 F - a scarf of shadows
 N - a +0 pair of boots (worn)
 Q - the +0 buckler "Vimorat" (worn) {Harm Dex+3 SInv}
   (Okawaru gifted it to you on level 4 of the Lair of Beasts)

   Dex:       It affects your dexterity (+3).
   SInv:      It lets you see invisible.
   Harm:      It increases damage dealt and taken.
Jewellery
 b - the ring "Tunafeot" (right hand) {Wiz rCorr Slay+2}
   (You acquired it on level 4 of the Dungeon)

   [ring of wizardry]

   It improves your spell success rate.
   Slay:      It affects your accuracy & damage with ranged weapons and melee
   (+2).
   rCorr:     It protects you from acid and corrosion.
 i - a +6 ring of intelligence
 k - a ring of fire
 t - a +6 ring of dexterity
 u - a +4 ring of evasion
 x - a +4 ring of protection (left hand)
 K - a ring of magical power
 O - a +4 ring of evasion
 T - a ring of protection from fire
 U - an amulet of guardian spirit
Wands
 c - a wand of polymorph (11)
 f - a wand of iceblast (12) (quivered)
 s - a wand of mindburst (22)
 H - a wand of digging (7)
 V - a wand of acid (8)
 W - a wand of paralysis (7)
Scrolls
 g - 5 scrolls of teleportation
 n - 4 scrolls of enchant weapon
 v - a scroll of magic mapping
 w - 3 scrolls of holy word
 y - 3 scrolls of brand weapon
 C - 4 scrolls of amnesia
 D - 4 scrolls of identify
 J - a scroll of immolation {unknown}
 M - 2 scrolls of enchant armour {unknown}
 S - 2 scrolls of fear
Potions
 a - 8 potions of curing
 d - 7 potions of brilliance
 e - a potion of mutation
 h - 6 potions of haste
 j - 7 potions of flight
 l - 2 potions of berserk rage
 r - 2 potions of lignification {unknown}
 B - a potion of ambrosia
 I - a potion of invisibility {unknown}
 L - 3 potions of attraction {unknown}
 P - a potion of degeneration {unknown}


   Skills:
 + Level 11.8 Fighting
 + Level 10.0 Dodging
 * Level 15.2 Unarmed Combat
 - Level 5.0 Spellcasting
 + Level 10.9 Transmutations
 + Level 8.3 Invocations


You had 16 spell levels left.
You knew the following spells:

 Your Spells              Type           Power      Damage    Failure   Level
b - Wereblood             Tmut           44%        N/A       1%          2
c - Blade Hands           Tmut           22%        N/A       2%          5

Your spell library contained the following spells:

 Spells                   Type           Power      Damage    Failure   Level
 Beastly Appendage        Tmut           88%        N/A       1%          1
 Sting                    Tmut/Pois      96%        1d7       1%          1
 Spider Form              Tmut/Pois      24%        N/A       2%          3
 Slow                     Hex            16%        N/A       9%          1
 Ice Form                 Ice/Tmut       24%        N/A       10%         4
 Ensorcelled Hibernation  Hex/Ice        8%         N/A       13%         2
 Poisonous Vapours        Pois/Air       8%         N/A       13%         2
 Scorch                   Fire           8%         2d5       13%         2
 Static Discharge         Conj/Air       4%         N/A       13%         2
 Confusing Touch          Hex            4%         N/A       26%         3
 Portal Projectile        Hex/Tloc       8%         N/A       26%         3
 Yara's Violent Unravell  Hex/Tmut       12%        3d7       26%         5
 Dispel Undead            Necr           4%         3d7       61%         4
 Flame Wave               Conj/Fire      4%         2d4       61%         4
 Olgreb's Toxic Radiance  Pois           4%         N/A       61%         4
 Sticky Flame             Conj/Fire      4%         2d3       61%         4
 Excruciating Wounds      Necr           2%         N/A       91%         5
 Lightning Bolt           Conj/Air       2%         1d13      91%         5
 Maxwell's Capacitive Co  Air            2%         ∞         100%        8
 Summon Cactus Giant      Summ           Unusable   N/A       N/A         6

Dungeon Overview and Level Annotations

Branches:
Dungeon (12/15)            Temple (1/1) D:4            Lair (5/6) D:9
  Swamp (0/4) Lair:2        Snake (0/4) Lair:3        Slime (0/5) Lair:5
    Orc (2/2) D:11            Elf (0/3) Orc:2         IceCv (visited)

Altars:
Ashenzari
Cheibriados
Dithmenos
Elyvilon
Fedhas
Gozag
Hepliaklqana
Kikubaaqudgha
Makhleb
Nemelex Xobeh
Okawaru
Qazlal
Ru
Sif Muna
Trog
Uskayaw
Vehumet
Wu Jian
Xom
Yredelemnul
Zin
The Shining One

Shops:
D:2 :   D:3 (   D:8 [*?   D:9 (

Annotations:
D:2 Terence
D:10 3 runed translucent doors, eflewb's ghost, journeyman SpEn


Innate Abilities, Weirdness & Mutations

Your dull iron-grey scales are very hard. (AC +13)
You are amphibious.
You cannot fit into any form of body armour.
You are cold-blooded and may be slowed by cold attacks.
You have a pair of small antennae on your head.
You are agile. (Dex +2)
Your flesh is cold resistant. (rC+)
You sometimes lose the ability to read scrolls when taking damage.


Message History

Your primal bloodlust has ended.
The orc hits you but does no damage.
The orc knight hits you with a +3 vorpal battleaxe!
The orc warrior misses you. x2
Casting: Wereblood (safe; 1% risk of failure)
Confirm with . or Enter, or press ? or * to list all spells.
You miscast Blade Hands.
You are very lightly contaminated with residual magic.
Your limbs ache and wobble like jelly.
The orc warrior closely misses you.
The orc warrior hits you but does no damage.
The orc misses you.
The orc high priest mumbles some strange prayers to Beogh.
The orc knight roars a battlecry!
The orcs go into a battle-frenzy!
The orc wizard mumbles some strange words.
The orc wizard flickers and vanishes for a moment.
The orc priest invokes the aid of Beogh against you.
Beogh smites you!
* * * LOW HITPOINT WARNING * * *
The orc warrior misses you. The orc warrior barely misses you.
You cannot read scrolls in your current state!
The orc warrior hits you with a +0 dire flail!
* * * LOW HITPOINT WARNING * * *
The orc barely misses you. The orc knight closely misses you.
The orc priest mumbles some strange prayers to Beogh against you.
You resist with significant effort.
The orc warrior hits you with a +5 flail.
* * * LOW HITPOINT WARNING * * *
Things that are here:
a +2 robe of the Archmagi; a +0 dagger; an orc corpse You feel better.
The orc warrior misses you.
The orc high priest hits you with a +2 dire flail of holy wrath.
* * * LOW HITPOINT WARNING * * *
The orc knight misses you. The orc warrior closely misses you.
The sixfirhy hits you but does no damage.
The sixfirhy completely misses you. x2
Okay, then.
The orc priest begins to cast a cantrip, but forgets the words!
The soul eater draws from the surrounding life force!
You die...

## ##.# ##.## ###...
#...###..#.# ### #..........
#.## ####...o..#.. ##<.#
##.#....###.#.
###...###..o..........
#.##.[..##............
###....@o#####.#........
#.#...o4ooo######.......
##.......3o<3o## ##......
#.........o[o..###.[.....
####......##..o....##.......
##........#####......#.......
##.#.......###..[.....##.(.o))
#...........##.........#....##
##.##........#.........[...##.


You could see an orc knight, a soul eater (summoned), an orc high priest
(strong), a rust devil (summoned), a sixfirhy (summoned), 5 orc warriors, an orc
priest (strong), an orc wizard (strong, invisible) and an orc (strong).

Vanquished Creatures
  A frost giant (IceCv)
  2 orc warlords
  Snorg (D:10)
  Harold (D:10)
  5 hydras
  Erica (D:9)
  A catoblepas (Lair:4)
  2 boulder beetles
  6 two-headed ogres
  14 death yaks
  A tengu warrior (D:11)
  Sonja (Lair:3)
  Nergalle (Arena)
  An orc knight (Orc:1)
  A necromancer (Lair:4)
  2 orc sorcerers (Orc:2)
  2 black mambas
  6 cane toads
  An ice statue (IceCv)
  8 komodo dragons
  6 rime drakes
  2 trolls
  7 polar bears
  8 blink frogs
  Sigmund (D:5)
  A shadow (D:11)
  2 wyverns
  38 yaks
  A vampire (D:10)
  A basilisk (Lair:3)
  3 vampire mosquitoes (D:12)
  A steam dragon (D:7)
  2 wargs
  An acid dragon (D:11)
  3 nagas (Lair:3)
  11 water moccasins
  2 elephant zombies (Lair:4)
  22 orc warriors
  2 ice beasts
  2 black bears (D:9)
  4 ogres
  13 wolves
  6 centaurs
  4 phantoms
  2 kobold brigands
  10 bullfrogs
  A gnoll sergeant (D:10)
  3 scorpions
  A troll zombie (D:11)
  5 killer bees (D:7)
  8 wights
  3 howler monkeys
  6 electric eels (Lair:2)
  2 basilisk zombies (Lair:4)
  4 centaur zombies
  3 hounds
  Crazy Yiuf (D:7)
  12 jellies
  8 orc priests
  3 gnoll shamans
  2 iguanas (D:5)
  14 orc wizards
  5 ogre zombies (D:11)
  A hound skeleton (D:4)
  A howler monkey zombie (D:5)
  A howler monkey skeleton (D:4)
  25 gnolls
  9 adders
  A shadow imp (D:3)
  2 white imps
  2 ufetubi
  3 adder skeletons
  A dart slug (D:4)
  75 orcs
  2 ball pythons (D:3)
  7 bats
  6 endoplasms
  4 giant cockroaches
  7 hobgoblins
  11 jackals
  17 kobolds
  A quokka (D:1)
  6 frilled lizards
  5 goblins
  2 goblin skeletons (D:11)
  2 hobgoblin zombies (D:11)
  An orc skeleton (D:11)
  14 orc zombies (D:11)
  8 rats
508 creatures vanquished.

Vanquished Creatures (others)
  3 orcs (Orc:2)
  19 fungi
  28 plants
50 creatures vanquished.

Grand Total: 558 creatures vanquished

Notes
Turn   | Place    | Note
-------+----------+-------------------------------------------
     0 | D:1      | ChaosChampion the Draconian Transmuter began the quest for
                  | the Orb.
     0 | D:1      | Reached XP level 1. HP: 16/16 MP: 3/3
   322 | D:1      | Reached XP level 2. HP: 14/23 MP: 3/5
   774 | D:1      | Reached XP level 3. HP: 15/29 MP: 6/6
  1016 | D:1      | Learned a level 2 spell: Wereblood
  1022 | D:1      | Found a faded altar of an unknown god.
  1464 | D:2      | Found Joamasil's Book Boutique.
  1718 | D:2      | Noticed Terence
  2163 | D:2      | Found a basalt altar of Yredelemnul.
  2846 | D:3      | Found a sparkling altar of Nemelex Xobeh.
  2983 | D:3      | Reached XP level 4. HP: 31/36 MP: 5/7
  3162 | D:3      | Reached skill level 4 in Unarmed Combat
  3692 | D:3      | Found Xas Vaph's Antique Weapon Shoppe.
  3743 | D:3      | Found a blossoming altar of Fedhas.
  3788 | D:3      | Reached XP level 5. HP: 28/42 MP: 2/8
  4453 | D:4      | Identified the +5 war axe of Chaos {vorpal, Will+}
  4825 | D:4      | Reached XP level 6. HP: 51/51 MP: 6/9
  4915 | D:3      | Reached skill level 5 in Unarmed Combat
  5746 | D:4      | Found a staircase to the Ecumenical Temple.
  5775 | Temple   | Entered the Ecumenical Temple
  5859 | Temple   | Became a worshipper of Warmaster Okawaru
  6385 | D:4      | Identified 2 scrolls of acquirement
  6385 | D:4      | Acquired 910 gold pieces
  6393 | D:4      | Acquired the ring "Tunafeot" {Wiz rCorr Slay+2}
  6398 | D:5      | Entered Level 5 of the Dungeon
  6453 | D:5      | Your scales start taking on a dull iron-grey colour.
  6453 | D:5      | Reached XP level 7. HP: 58/58 MP: 6/10
  6625 | D:5      | Noticed Sigmund
  6650 | D:5      | Killed Sigmund
  6650 | D:5      | Reached * piety under Okawaru
  6651 | D:5      | Reached skill level 6 in Unarmed Combat
  6973 | D:5      | Reached XP level 8. HP: 65/67 MP: 11/11
  7438 | D:6      | Found a hide-covered altar of Uskayaw.
  7454 | D:6      | Reached ** piety under Okawaru
  7455 | D:6      | Reached skill level 7 in Unarmed Combat
  7483 | D:6      | Noticed a +0 dagger
  7484 | D:6      | Noticed a +0 spear
  7485 | D:6      | Noticed a +0 dagger
  7486 | D:6      | Noticed a +0 falchion
  7487 | D:6      | Noticed a +0 short sword
  7497 | D:6      | Noticed a +0 short sword
  7499 | D:6      | Noticed a +0 falchion
  7517 | D:6      | Noticed a +0 spear
  7537 | D:6      | Reached skill level 5 in Fighting
  7539 | D:6      | Reached skill level 5 in Transmutations
  7806 | D:6      | Learned a level 5 spell: Blade Hands
  7851 | D:6      | Noticed a two-headed ogre
  8031 | D:6      | Killed a two-headed ogre
  8032 | D:6      | Reached skill level 5 in Dodging
  8032 | D:6      | Reached skill level 8 in Unarmed Combat
  8032 | D:6      | Reached XP level 9. HP: 40/75 MP: 10/12
  8883 | D:6      | Reached *** piety under Okawaru
  9053 | D:7      | Noticed a two-headed ogre
  9499 | D:7      | Reached skill level 9 in Unarmed Combat
 10235 | D:7      | Killed a two-headed ogre
 10328 | D:7      | Reached XP level 10. HP: 65/86 MP: 5/13
 10452 | D:7      | Found a runed translucent door.
 10453 | D:7      | Noticed Crazy Yiuf
 11130 | D:7      | Killed Crazy Yiuf
 11339 | D:8      | Reached **** piety under Okawaru
 11583 | D:8      | Found a hazy altar of Hepliaklqana.
 11831 | D:8      | Found a large runed translucent door.
 11831 | D:8      | Found a large runed translucent door.
 11900 | D:8      | Found Quoh's Assorted Antiques.
 11902 | D:8      | Found Xaiq's Magic Scroll Boutique.
 11902 | D:8      | Found Tublomof's Antique Armour Boutique.
 11918 | D:8      | Bought a runed scarf for 168 gold pieces
 12145 | D:8      | Reached skill level 10 in Unarmed Combat
 12436 | D:8      | Found a basalt altar of Yredelemnul.
 12454 | D:8      | Found a shadowy altar of Dithmenos.
 12468 | D:8      | Gained mutation: You are agile. (Dex +2) [potion of
                  | mutation]
 12468 | D:8      | Gained mutation: You sometimes lose the ability to read
                  | scrolls when taking damage. [potion of mutation]
 12468 | D:8      | Gained mutation: Your flesh is cold resistant. (rC+)
                  | [potion of mutation]
 12468 | D:8      | Gained mutation: You have a pair of small antennae on your
                  | head. [potion of mutation]
 12822 | D:9      | Found a staircase to the Lair.
 12915 | D:9      | Found Jopruacs's Antique Weapon Boutique.
 13159 | D:9      | Noticed a two-headed ogre
 13165 | D:9      | Killed a two-headed ogre
 13165 | D:9      | Reached ***** piety under Okawaru
 13602 | D:10     | Entered Level 10 of the Dungeon
 13613 | D:10     | Noticed Erica
 13759 | D:9      | Killed Erica
 13759 | D:9      | Received a gift from Okawaru
 13759 | D:9      | Received a gift from Okawaru
 13760 | D:9      | Reached skill level 1 in Invocations
 14011 | D:10     | Noticed Snorg
 14017 | D:10     | Killed Snorg
 14018 | D:10     | Reached XP level 11. HP: 92/94 MP: 11/18
 14445 | D:10     | Noticed Harold
 14448 | D:10     | Killed Harold
 14449 | D:10     | Reached skill level 11 in Unarmed Combat
 14449 | D:10     | Reached skill level 5 in Spellcasting
 14768 | D:10     | Found a runed translucent gate.
 14768 | D:10     | Found a runed translucent gate.
 14769 | D:10     | Found an opulent altar of Gozag.
 14769 | D:10     | Found a runed translucent gate.
 14769 | D:10     | Noticed a cyan ugly thing
 14770 | D:10     | Noticed eflewb's ghost (journeyman SpEn)
 14822 | D:10     | Noticed a two-headed ogre
 14827 | D:10     | Killed a two-headed ogre
 16049 | D:11     | Found a frozen archway.
 16058 | IceCv    | Entered an ice cave
 16171 | IceCv    | Reached skill level 5 in Invocations
 16223 | IceCv    | Noticed a death yak
 16223 | IceCv    | Noticed a death yak
 16228 | IceCv    | Noticed a death yak
 16248 | IceCv    | Killed a death yak
 16248 | IceCv    | Received a gift from Okawaru
 16254 | IceCv    | Killed a death yak
 16258 | IceCv    | Killed a death yak
 16413 | IceCv    | Noticed a frost giant
 16413 | IceCv    | Noticed a death yak
 16426 | IceCv    | Killed a death yak
 16489 | IceCv    | Killed a frost giant
 16490 | IceCv    | Reached skill level 12 in Unarmed Combat
 16490 | IceCv    | Reached XP level 12. HP: 65/104 MP: 12/19
 16850 | IceCv    | Noticed a death yak
 16850 | IceCv    | Noticed a death yak
 16850 | IceCv    | Noticed a death yak
 17185 | IceCv    | Noticed a death yak
 17191 | IceCv    | Killed a death yak
 17197 | IceCv    | Killed a death yak
 17483 | IceCv    | Killed a death yak
 17487 | IceCv    | Killed a death yak
 17605 | IceCv    | Noticed a death yak
 17620 | IceCv    | Killed a death yak
 17882 | D:11     | Found a staircase to the Orcish Mines.
 17889 | D:11     | Noticed a tengu warrior
 17909 | D:11     | Noticed a boulder beetle
 18639 | D:11     | Reached ****** piety under Okawaru
 18640 | D:11     | Reached skill level 13 in Unarmed Combat
 18771 | D:11     | Killed a boulder beetle
 18772 | D:11     | Reached skill level 10 in Fighting
 18856 | D:11     | Noticed a five-headed hydra
 18870 | D:11     | Killed a five-headed hydra
 18874 | D:11     | Killed a tengu warrior
 19447 | D:12     | Identified the -2 pair of boots of the Cockatrice {-Cast
                  | Fly rPois Str+7} (Okawaru gifted it to you on level 12 of
                  | the Dungeon)
 19447 | D:12     | Received a gift from Okawaru
 19544 | Lair:1   | Entered Level 1 of the Lair of Beasts
 20060 | Lair:1   | Reached XP level 13. HP: 97/114 MP: 13/20
 21707 | Lair:2   | Found a staircase to the Swamp.
 21845 | Lair:3   | Noticed Sonja
 21854 | Lair:3   | Killed Sonja
 21855 | Lair:3   | Reached skill level 10 in Transmutations
 21980 | Lair:3   | Reached skill level 14 in Unarmed Combat
 22319 | Lair:3   | Found a staircase to the Snake Pit.
 23184 | Lair:4   | Identified the +0 buckler "Vimorat" {Harm Dex+3 SInv}
                  | (Okawaru gifted it to you on level 4 of the Lair of Beasts)
 23184 | Lair:4   | Received a gift from Okawaru
 24843 | Lair:5   | Found a staircase to the Slime Pits.
 25025 | Lair:5   | Reached XP level 14. HP: 124/124 MP: 11/21
 25494 | Orc:1    | Entered Level 1 of the Orcish Mines
 25523 | Orc:1    | Reached skill level 15 in Unarmed Combat
 26530 | Orc:2    | Entered Level 2 of the Orcish Mines
 26530 | Orc:2    | Found a staircase to the Elven Halls.
 26707 | Orc:2    | Noticed an orc warlord
 27320 | Orc:2    | Killed an orc warlord
 27597 | Orc:2    | Noticed an orc warlord
 27601 | Orc:2    | Noticed Nergalle
 27921 | Orc:1    | Killed an orc warlord
 27922 | Orc:1    | Reached skill level 10 in Dodging
 28241 | Arena    | Entered the Arena
 28248 | Arena    | Killed Nergalle
 28248 | Arena    | Received a gift from Okawaru
 28273 | Orc:2    | HP: 3/125 [orc warrior (6)]
 28276 | Orc:2    | Killed from afar by a soul eater

Illustrated notes

Levels and vault maps discovered:
D:1:      dpeg_arrival_fog, layout_loops_ring, chequers_ecumenical_altar_island,
          minivault_25, st_stairs_5, chequers_serial_rivers_large_b,
          minmay_stone_trees_large
D:2:      layout_loops_corners, serial_shops, nicolae_diamond_shop, basic_altar,
          st_stairs_4, uniq_terence
D:3:      layout_basic, fedhas_altar_2, nemelex_xobeh_ov_fountains_minmay,
          serial_shops, nicolae_shop_hallway_plus, kennysheep_generic_room_16
D:4:      layout_gridville, minmay_temple_entry_stoned_glass,
          hangedman_feature_mirror, st_stairs_14, kennysheep_opposing_triangles
D:5:      layout_rooms, hangedman_abyss_or_decor_stagger, uniq_sigmund
D:6:      layout_basic, nicolae_uskayaw_en_pointe
D:7:      layout_basic, grunt_ministairs_10, minivault_10,
          uniq_crazy_yiuf_cottage
D:8:      layout_loops_cross, kennysheep_mini, jmf_multi_god_temple2,
          nicolae_wooded_promenade, minivault_5
D:9:      layout_small_grid, grunt_lair_entry_orc_guard_hut, serial_shops, shop
D:10:     layout_long_grid, ebering_ghost_gozag, lightli_orcish_oven,
          uniq_harold, uniq_snorg, uniq_erica
D:11:     layout_basic, zombieorc1_lemuel, portal_ice_cave_entry_pillars_2
D:12:     minmay_the_grid_octo_triangle [minmay_the_grid_octo_empty,
          minmay_the_grid_octo_prize_square_snowflake,
          minmay_the_grid_octo_toaster], layout_stronghold, drop_trap,
          nicolae_ru_sacrificial_ziggurat
Temple:   nicolae_temple_x_marks_the_god
Lair:1:   layout_layer_cave, chequers_serial_rivers_micro_b, grunt_megastairs_5
Lair:2:   layout_misc_corridors, minmay_swamp_entry_eels, grunt_megastairs_4,
          infiniplex_staircase_pool
Lair:3:   layout_regular_city, guppyfry_snake_entry_garden, uniq_sonja
Lair:4:   pond_and_an_island_with_a_cottage, layout_hall_layers
Lair:5:   layout_loops_ring, minmay_slime_entry_jelly_boxes,
          infiniplex_staircase_pool_2
Orc:1:    layout_caves
Orc:2:    grunt_orc_cross, layout_diamond_mine

Skill      XL: |  1  2  3  4  5  6  7  8  9 10 11 12 13 14 |
---------------+-------------------------------------------+-----
Dodging        | 2 3 4 5 6 7 8 9 10 | 10.0
Fighting       | 2 3 4 6 7 8 9 10 11 | 11.8
Unarmed Combat | 4 5 6 8 9 10 12 13 14 15 | 15.2
Transmutations | 3 4 5 6 7 8 9 10 | 10.9
Spellcasting   | 4 5 |  5.0
Invocations    | 2 6 7 8 |  8.3

Action                   |  1- 3 |  4- 6 |  7- 9 | 10-12 | 13-15 || total
-------------------------+-------+-------+-------+-------+-------++-------
Melee: Unarmed           |   166 |   201 |   231 |   463 |   372 ||  1433
       Kick              |    13 |    42 |    59 |     3 |       ||   117
       Tailslap          |     7 |    20 |    23 |    47 |    50 ||   147
       Headbutt          |     6 |    23 |    40 |     1 |       ||    70
       Punch             |     4 |     2 |     3 |    21 |    19 ||    49
Throw: Dart              |       |    12 |    14 |       |       ||    26
 Cast: Beastly Appendage |    22 |    40 |    32 |     6 |       ||   100
       Wereblood         |     4 |    25 |    23 |    52 |    39 ||   143
       Blade Hands       |       |       |     2 |    64 |    52 ||   118
Invok: Heroism           |       |       |       |     1 |     2 ||     3
       Finesse           |       |       |       |       |     1 ||     1
       Duel              |       |       |       |       |     1 ||     1
Evoke: Wand              |       |       |       |     1 |    25 ||    26
  Use: Scroll            |       |    12 |     3 |     8 |     1 ||    24
       Potion            |       |       |       |     5 |     7 ||    12
 Stab: Sleeping          |     1 |     1 |       |     1 |       ||     3
Armor: Skin              |    90 |    57 |    95 |   161 |   123 ||   526
Dodge: Dodged            |   152 |   112 |   146 |   290 |   283 ||   983
Block: Buckler           |       |       |       |       |    10 ||    10

Table legend: (Time is in decaauts)
 A = Elapsed time spent in this place.
 B = Non-inter-level travel time spent in this place.
 C = Inter-level travel time spent in this place.
 D = Time resting spent in this place.
 E = Time spent auto-exploring this place.
 F = Levels seen in this place.
 G = Mean time per level.
                   A        B        C        D        E       F      G
               +--------+--------+--------+--------+--------+-----+--------+
         Total |  28093 |  26680 |   1413 |   4429 |  17358 |  22 | 1277.0 |
       Dungeon |  18552 |  17381 |   1171 |   2618 |  11537 |  12 | 1546.0 |
        Temple |    102 |    102 |      0 |      0 |     50 |   1 |  102.0 |
          Lair |   5453 |   5212 |    241 |     70 |   4467 |   5 | 1090.6 |
  Orcish Mines |   2217 |   2217 |      0 |   1182 |    641 |   2 | 1108.5 |
      Ice Cave |   1750 |   1750 |      0 |    554 |    663 |   1 | 1750.0 |
         Arena |     16 |     16 |      0 |      5 |      0 |   1 |   16.0 |
               +--------+--------+--------+--------+--------+-----+--------+

Top non-repeatable levels by time:
     D:3: 2360 daAuts
    D:11: 2048 daAuts
     D:6: 1981 daAuts
    D:10: 1818 daAuts
     D:7: 1775 daAuts
   IceCv: 1750 daAuts
     D:1: 1695 daAuts
   Orc:1: 1644 daAuts
  Lair:1: 1594 daAuts
     D:9: 1499 daAuts
     D:8: 1470 daAuts
  Lair:4: 1436 daAuts
  Lair:3: 1335 daAuts
     D:4: 1321 daAuts
     D:2: 1306 daAuts
